 Dungeon Crawl Stone Soup version 0.28.0-43-g3370ac3207 (webtiles) character file.

Game seed: 14396744081552786350

47 croobank the Digger (level 3, -2/19 HPs)
             Began as a Gargoyle Earth Elementalist on Mar 17, 2022.
             Killed by divine providence
             ... invoked by an orc priest
              (14 damage)
             ... on level 3 of the Dungeon.
             The game lasted 00:07:11 (2179 turns).

croobank the Digger (Gargoyle Earth Elementalist)   Turns: 2179, Time: 00:07:12

Health: -2/19      AC:  6    Str: 11    XL:     3   Next: 70%
Magic:  0/6        EV: 11    Int: 17    God:
Gold:   76         SH:  0    Dex: 10    Spells: 0/6 levels left

rFire   . . .      SeeInvis .   a - +0 dagger
rCold   . . .      Faith    .   (no shield)
rNeg    + . .      Spirit   +   j - +0 leather armour
rPois   ∞          Reflect  .   (no helmet)
rElec   +          Harm     .   (no cloak)
rCorr   .          Rampage  .   (no gloves)
Will    .....                   (no boots)
Stlth   ++........              i - amulet of guardian spirit
HPRegen 0.06/turn               (no ring)
MPRegen 0.10/turn               (no ring)

@: no status effects
A: sickness immunity, AC +3, negative energy resistance 1, electricity
resistance, torment resistance 1, petrification resistance
a: no special abilities


You were on level 3 of the Dungeon.
You visited 1 branch of the dungeon, and saw 3 of its levels.

You collected 76 gold pieces.

Inventory:

Hand Weapons
 a - a +0 dagger (weapon)
 e - a +0 club
Missiles
 c - 74 stones
 d - 29 arrows
 k - 29 sling bullets
Armour
 b - a +0 robe
 j - a +0 leather armour (worn)
Jewellery
 i - an amulet of guardian spirit (around neck)
Scrolls
 f - 3 scrolls of fog
 g - a scroll of silence
Potions
 h - 2 potions of cancellation


   Skills:
 + Level 2.0 Dodging
 + Level 2.8 Stealth
 + Level 2.3 Spellcasting
 + Level 1.3 Transmutations
 + Level 4.1 Earth Magic


You couldn't memorise any spells.
You knew the following spells:

 Your Spells              Type           Power      Damage    Failure   Level
a - Sandblast             Erth           32%        2d9       4%          1
b - Passwall              Tmut/Erth      9%         N/A       12%         2
c - Stone Arrow           Conj/Erth      18%        3d8       32%         3

Your spell library contained the following spells:

 Spells                   Type           Power      Damage    Failure   Level
 Ozocubu's Armour         Ice            2%         N/A       58%         3
 Petrify                  Tmut/Erth      11%        N/A       61%         4
 Ozocubu's Refrigeration  Ice            1%         4d5       100%        7


Dungeon Overview and Level Annotations

Branches:
Dungeon (3/15)

Altars:
Dithmenos


Innate Abilities, Weirdness & Mutations

You are immune to sickness and miasma.
Your stone body is resilient. (AC +3)
You are immune to poison.
You resist negative energy. (rN+)
You are resistant to electric shocks. (rElec)
You are resistant to unholy torment.
You are immune to petrification.


Message History

Aim: a kobold, wielding a +0 club (74% to hit)
The blast of sand hits the kobold but does no damage.
Casting: Sandblast (safe; 4% risk of failure)
Confirm with . or Enter, or press ? or * to list all spells.
Aiming: Sandblast (safe; 4% risk of failure)
Press: ? - help, Shift-Dir - straight line, f/p - kobold
Aim: a kobold, wielding a +0 club (74% to hit)
The blast of sand hits the kobold!
You kill the kobold!
Things that are here:
a +0 club; a kobold corpse
h - 2 sapphire potions
As you read the scroll of identify, it crumbles to dust.
h - 2 potions of cancellation Magic restored.
An orc priest comes into view.
It is wielding a +0 short sword and wearing a +2 ring mail of fire resistance. 2 orcs come into view.
The orc priest shouts!
The orc shouts!
The orc priest begins to cast a cantrip, but forgets the words!
The orc shouts!
The orc priest mumbles some strange prayers to Beogh against you.
Beogh smites you!
Casting: Sandblast (safe; 4% risk of failure)
Confirm with . or Enter, or press ? or * to list all spells.
Aiming: Sandblast (safe; 4% risk of failure)
Press: ? - help, Shift-Dir - straight line, f - orc priest
Aim: an orc priest, wielding a +0 short sword and wearing a +2 ring mail of fire resistance (82% to hit)
The blast of sand hits the orc priest but does no damage.
Casting: Sandblast (safe; 4% risk of failure)
Confirm with . or Enter, or press ? or * to list all spells.
Aiming: Sandblast (safe; 4% risk of failure)
Press: ? - help, Shift-Dir - straight line, f/p - orc priest
Aim: an orc priest, wielding a +0 short sword and wearing a +2 ring mail of fire resistance (82% to hit)
The blast of sand hits the orc priest but does no damage.
The orc hits you with a +0 hand axe.
You closely miss the orc priest. The orc closely misses you.
The orc priest mumbles some strange prayers to Beogh against you.
Beogh smites you!
Ouch! That really hurt!
You die...

#.............#
###.....####)#+##
........+......#
###.....####.####
#####.........#
#.........#
#.........#
#....o....#
#...@o....#
#....o....#
#..........#
#..........#
#..........#
#..........#
#..........#
########.### ..


You could see an orc priest and 2 orcs.

Vanquished Creatures
  2 adders (D:2)
  A dart slug (D:1)
  2 ball pythons
  An endoplasm (D:1)
  A giant cockroach (D:1)
  6 goblins
  2 hobgoblins (D:1)
  A quokka (D:1)
  3 bats (D:1)
  3 frilled lizards
  2 kobolds (D:3)
  4 rats
28 creatures vanquished.

Notes
Turn   | Place    | Note
-------+----------+-------------------------------------------
     0 | D:1      | croobank the Gargoyle Earth Elementalist began the quest
                  | for the Orb.
     0 | D:1      | Reached XP level 1. HP: 10/10 MP: 3/3
   124 | D:1      | Reached skill level 1 in Transmutations
   124 | D:1      | Reached XP level 2. HP: 15/15 MP: 0/5
   574 | D:1      | Found a faded altar of an unknown god.
   911 | D:1      | Reached XP level 3. HP: 9/19 MP: 1/6
  1140 | D:2      | Learned a level 2 spell: Passwall
  1144 | D:2      | Learned a level 3 spell: Stone Arrow
  1241 | D:2      | Reached skill level 4 in Earth Magic
  1364 | D:2      | Found a shadowy altar of Dithmenos.
  2179 | D:3      | Killed from afar by an orc priest

Illustrated notes

Levels and vault maps discovered:
D:1:      minmay_arrival_doors, layout_basic,
          hellmonk_ecumenical_altar_leap_of_faith
D:2:      layout_loops_ring, basic_altar, serial_bayou_pond_e
D:3:      layout_basic, tgw_kikubaaqudgha, kennysheep_generic_room_4

Skill      XL: |  1  2  3 |
---------------+----------+-----
Transmutations | 1 |  1.3
Earth Magic    | 4 |  4.1
Dodging        | 2 |  2.0
Stealth        | |  2.8
Spellcasting   | |  2.3

Action                   || total
-------------------------++-------
Melee: Dagger            ||    93
       Punch             ||     2
 Cast: Sandblast         ||    31
  Use: Scroll            ||     4
       Potion            ||     1
 Stab: Sleeping          ||     1
Armor: Leather armour    ||    33
       Robe              ||     3
Dodge: Dodged            ||    70
